[ PARTIDA AOE2 · #476136323 ]
Team RMMalíes vs Bengalis
[ ANÁLISIS DE REPETICIÓN · EXTRAÍDO DE LA PARTIDA GRABADA ]
Feudal
13:24
Castillos
20:39
Imperial
—
| APM promedio | 34.3 |
| APM pico | 68 |
| eAPM promedio | 13.8 |
| Aldeanos / militares | 43 / 19 |
Foco
⚔️ 30.3% · 🌾 69.7%
Gbeto ×18 · Unknown (2626) ×8 · Fishing Ship ×7 · Battering Ram ×1
Feudal
12:04
Castillos
17:54
Imperial
—
| APM promedio | 52.6 |
| APM pico | 87 |
| eAPM promedio | 26.3 |
| Aldeanos / militares | 57 / 25 |
Foco
⚔️ 19.5% · 🌾 80.5%
Ratha (Ranged) ×23 · Fishing Ship ×10 · Monk ×2
Feudal
13:04
Castillos
17:32
Imperial
—
| APM promedio | 35.5 |
| APM pico | 62 |
| eAPM promedio | 19.8 |
| Aldeanos / militares | 55 / 37 |
Foco
⚔️ 37.5% · 🌾 62.5%
Spearman ×33 · Unknown (2626) ×22 · Fishing Ship ×19 · Monk ×4 · Trade Cog ×3
Feudal
13:56
Castillos
17:26
Imperial
—
| APM promedio | 44.9 |
| APM pico | 91 |
| eAPM promedio | 12.9 |
| Aldeanos / militares | 57 / 39 |
Foco
⚔️ 25.7% · 🌾 74.3%
Knight ×39 · Fishing Ship ×6
Feudal
11:34
Castillos
19:49
Imperial
—
| APM promedio | 31.2 |
| APM pico | 52 |
| eAPM promedio | 18.0 |
| Aldeanos / militares | 102 / 14 |
Foco
⚔️ 28.8% · 🌾 71.2%
Fishing Ship ×20 · Archer ×5 · Fire Galley ×4 · Unknown (2626) ×4 · Monk ×4 · Mangonel ×1
Feudal
13:15
Castillos
17:17
Imperial
—
| APM promedio | 47.3 |
| APM pico | 72 |
| eAPM promedio | 19.9 |
| Aldeanos / militares | 58 / 23 |
Foco
⚔️ 16.5% · 🌾 83.5%
Conquistador ×12 · Battering Ram ×8 · Fishing Ship ×5 · Monk ×3
Mapa de la partida
Recursos iniciales + cada clic de construcción. Líneas = muros · curvas = relieve. ◆ oro · ⬟ piedra · ● bayas · ✦ reliquia · ◌ hueco del cierre
Tu base· Abierta — hueco de 4t
Base de No soy 2k porque no quiero· Abierta — flanco sin cerrar
Base de Bass Is Heavy· Abierta — flanco sin cerrar
Base de _Ctm_NeO_· Abierta — hueco de 8t
Base de [KOF] Raychu· Abierta — flanco sin cerrar
Base de Kerjo· Abierta — hueco de 3t
Terreno inicial suavizado · ◌ = hueco del cierre detectado · pasá el cursor para detalles
Inputs por minuto
— Camiloco23 - - No soy 2k porque no quiero
Build order — Camiloco23
137 acciones detectadas en el replay
| 0:42 | Construir | Town Center |
| 1:33 | Construir | Dock |
| 2:13 | Construir | House |
| 2:50 | Crear | Villager (Male) |
| 2:50 | Crear | Villager (Male) |
| 2:50 | Crear | Villager (Male) |
| 2:51 | Crear | Villager (Male) |
| 3:11 | Construir | Palisade Wall |
| 3:13 | Construir | Palisade Wall |
| 3:14 | Construir | Palisade Wall |
| 3:48 | Crear | Fishing Ship |
| 4:35 | Construir | House |
| 4:48 | Crear | Villager (Male) |
| 5:11 | Crear | Villager (Male) |
| 5:31 | Crear | Fishing Ship |
| 5:35 | Crear | Villager (Male) |
| 5:57 | Crear | Villager (Male) |
| 6:25 | Crear | Villager (Male) |
| 6:33 | Crear | Fishing Ship |
| 6:42 | Investigar | Loom |
| 6:55 | Construir | House |
| 6:59 | Crear | Villager (Male) |
| 6:59 | Crear | Villager (Male) |
| 7:23 | Crear | Fishing Ship |
| 7:47 | Construir | House |
| 7:58 | Crear | Villager (Male) |
| 7:58 | Crear | Villager (Male) |
| 8:13 | Crear | Fishing Ship |
| 8:17 | Crear | Villager (Male) |
| 8:32 | Crear | Villager (Male) |
| 8:33 | Crear | Villager (Male) |
| 9:09 | Crear | Fishing Ship |
| 9:19 | Crear | Fishing Ship |
| 9:50 | Construir | House |
| 10:05 | Crear | Villager (Male) |
| 10:41 | Crear | Villager (Male) |
| 10:44 | Construir | Mining Camp |
| 11:12 | Construir | Mining Camp |
| 11:14 | Investigar | Feudal Age |
| 11:56 | Construir | Dock |
| 12:17 | Construir | House |
| 13:24 | Edad | Edad Feudal |
| 13:30 | Crear | Unit 2626 |
| 13:30 | Crear | Unit 2626 |
| 13:30 | Crear | Unit 2626 |
| 13:37 | Crear | Villager (Male) |
| 13:37 | Crear | Villager (Male) |
| 13:50 | Construir | Lumber Camp |
| 14:07 | Crear | Unit 2626 |
| 14:13 | Crear | Villager (Male) |
| 14:40 | Crear | Unit 2626 |
| 14:44 | Crear | Villager (Male) |
| 14:44 | Crear | Villager (Male) |
| 14:53 | Investigar | Double-Bit Axe |
| 15:03 | Construir | House |
| 15:04 | Construir | House |
| 15:08 | Construir | House |
| 15:43 | Crear | Villager (Male) |
| 15:56 | Construir | Blacksmith |
| 16:01 | Construir | Mill |
| 16:04 | Crear | Villager (Male) |
| 16:26 | Crear | Villager (Male) |
| 16:53 | Crear | Unit 2626 |
| 17:07 | Construir | Market |
| 17:10 | Crear | Villager (Male) |
| 17:59 | Investigar | Castle Age |
| 18:17 | Crear | Unit 2626 |
| 18:18 | Crear | Unit 2626 |
| 18:23 | Construir | Lumber Camp |
| 18:32 | Investigar | Gold Mining |
| 18:33 | Investigar | Gold Mining |
| 19:19 | Construir | House |
| 20:15 | Crear | Villager (Male) |
| 20:36 | Crear | Villager (Male) |
| 20:39 | Edad | Edad de los Castillos |
| 20:43 | Construir | Castle |
| 20:49 | Investigar | Fletching |
| 20:56 | Construir | Castle |
| 21:02 | Construir | Castle |
| 21:10 | Construir | Palisade Wall |
| 21:17 | Construir | Palisade Wall |
| 21:27 | Crear | Villager (Male) |
| 21:27 | Crear | Villager (Male) |
| 21:43 | Construir | Siege Workshop |
| 21:47 | Crear | Villager (Male) |
| 21:53 | Investigar | Bow Saw |
| 21:54 | Investigar | Bow Saw |
| 22:05 | Crear | Gbeto |
| 22:23 | Construir | Mining Camp |
| 22:30 | Crear | Gbeto |
| 22:31 | Crear | Battering Ram |
| 22:33 | Crear | Villager (Male) |
| 22:43 | Construir | Farm |
| 22:46 | Construir | Farm |
| 22:48 | Construir | Farm |
| 22:59 | Crear | Gbeto |
| 23:14 | Crear | Gbeto |
| 23:44 | Construir | Mill |
| 23:49 | Crear | Villager (Male) |
| 23:53 | Crear | Gbeto |
| 23:54 | Crear | Gbeto |
| 24:22 | Crear | Gbeto |
| 24:22 | Crear | Gbeto |
| 24:43 | Crear | Villager (Male) |
| 24:45 | Construir | Farm |
| 24:48 | Construir | Farm |
| 25:11 | Construir | Castle |
| 25:26 | Crear | Villager (Male) |
| 25:26 | Crear | Villager (Male) |
| 26:10 | Crear | Gbeto |
| 26:10 | Crear | Gbeto |
| 26:16 | Investigar | Town Watch |
| 26:18 | Construir | Farm |
| 26:18 | Construir | Farm |
| 26:18 | Construir | Farm |
| 26:18 | Construir | Farm |
| 26:19 | Construir | Farm |
| 26:56 | Crear | Villager (Male) |
| 26:57 | Crear | Villager (Male) |
| 26:57 | Crear | Villager (Male) |
| 27:06 | Crear | Gbeto |
| 27:06 | Crear | Gbeto |
| 27:14 | Construir | Mill |
| 27:15 | Construir | Farm |
| 27:15 | Construir | Farm |
| 27:15 | Construir | Farm |
| 27:31 | Crear | Gbeto |
| 27:31 | Crear | Gbeto |
| 27:32 | Crear | Gbeto |
| 28:01 | Crear | Gbeto |
| 28:41 | Construir | House |
| 28:55 | Crear | Gbeto |
| 28:55 | Crear | Gbeto |
| 29:05 | Construir | Castle |
| 29:12 | Crear | Villager (Male) |
| 29:12 | Crear | Villager (Male) |
| 29:13 | Crear | Villager (Male) |
Build order — No soy 2k porque no quiero
146 acciones detectadas en el replay
| 0:22 | Construir | Town Center |
| 0:40 | Construir | Dock |
| 0:42 | Construir | House |
| 2:33 | Crear | Villager (Male) ×4 |
| 2:33 | Crear | Villager (Male) ×4 |
| 3:34 | Crear | Fishing Ship |
| 4:00 | Crear | Villager (Male) |
| 4:22 | Construir | House |
| 4:43 | Crear | Villager (Male) |
| 4:43 | Crear | Villager (Male) |
| 5:06 | Crear | Fishing Ship |
| 5:16 | Crear | Villager (Male) |
| 5:31 | Construir | House |
| 5:41 | Crear | Villager (Male) |
| 6:08 | Crear | Villager (Male) |
| 6:08 | Crear | Villager (Male) |
| 6:21 | Crear | Fishing Ship |
| 6:30 | Crear | Villager (Male) |
| 6:36 | Construir | House |
| 6:58 | Crear | Villager (Male) |
| 6:59 | Crear | Villager (Male) |
| 7:05 | Crear | Fishing Ship |
| 7:23 | Crear | Villager (Male) |
| 7:40 | Construir | House |
| 7:47 | Crear | Villager (Male) |
| 7:48 | Crear | Fishing Ship |
| 7:48 | Crear | Fishing Ship |
| 8:10 | Crear | Villager (Male) |
| 8:17 | Construir | House |
| 8:24 | Crear | Villager (Male) |
| 8:56 | Construir | Mining Camp |
| 9:04 | Crear | Villager (Male) |
| 9:16 | Construir | Mining Camp |
| 9:22 | Investigar | Loom |
| 9:48 | Construir | Mill |
| 9:53 | Investigar | Feudal Age |
| 11:34 | Construir | Dock |
| 11:39 | Crear | Villager (Male) |
| 11:49 | Construir | Lumber Camp |
| 12:04 | Edad | Edad Feudal |
| 12:07 | Crear | Villager (Male) |
| 12:14 | Investigar | Double-Bit Axe |
| 12:32 | Crear | Fishing Ship |
| 12:35 | Construir | House |
| 12:39 | Crear | Villager (Male) |
| 12:50 | Crear | Villager (Male) |
| 12:53 | Construir | House |
| 12:59 | Crear | Fishing Ship |
| 13:23 | Crear | Villager (Male) |
| 13:29 | Construir | Market |
| 13:58 | Construir | Palisade Gate |
| 14:01 | Construir | Palisade Gate |
| 14:11 | Crear | Villager (Male) |
| 14:13 | Construir | Blacksmith |
| 14:22 | Crear | Fishing Ship |
| 14:31 | Crear | Villager (Male) |
| 15:14 | Investigar | Castle Age |
| 15:42 | Construir | Barracks |
| 16:00 | Construir | House |
| 16:39 | Construir | House |
| 16:53 | Investigar | Tech 906 |
| 17:00 | Construir | House |
| 17:02 | Crear | Villager (Male) |
| 17:09 | Investigar | Gold Mining |
| 17:54 | Edad | Edad de los Castillos |
| 17:57 | Crear | Villager (Male) |
| 18:15 | Construir | Castle |
| 18:18 | Crear | Villager (Male) |
| 18:28 | Crear | Villager (Male) |
| 18:30 | Construir | Town Center |
| 18:39 | Investigar | Fletching |
| 19:06 | Construir | Stone Wall |
| 19:06 | Construir | Stone Wall |
| 19:09 | Construir | Stone Wall |
| 19:17 | Investigar | Town Watch |
| 19:24 | Crear | Villager (Male) |
| 19:25 | Crear | Villager (Male) |
| 19:28 | Crear | Villager (Male) |
| 19:35 | Construir | Stone Wall |
| 19:36 | Construir | Stone Wall |
| 19:39 | Construir | Stone Wall |
| 19:39 | Construir | Stone Wall |
| 19:49 | Crear | Villager (Male) |
| 19:49 | Crear | Villager (Male) |
| 19:55 | Investigar | Wheelbarrow |
| 19:56 | Investigar | Wheelbarrow |
| 20:02 | Construir | Lumber Camp |
| 20:36 | Construir | House |
| 20:56 | Construir | Monastery |
| 20:59 | Crear | Ratha (Ranged) |
| 21:01 | Investigar | Bodkin Arrow |
| 21:02 | Crear | Villager (Male) |
| 21:22 | Crear | Monk |
| 21:26 | Crear | Ratha (Ranged) |
| 21:42 | Crear | Ratha (Ranged) |
| 21:55 | Crear | Ratha (Ranged) |
| 21:55 | Crear | Villager (Male) |
| 22:03 | Crear | Villager (Male) |
| 22:12 | Crear | Villager (Male) |
| 22:34 | Crear | Ratha (Ranged) |
| 22:35 | Crear | Ratha (Ranged) |
| 22:44 | Construir | University |
| 22:59 | Crear | Ratha (Ranged) |
| 23:18 | Crear | Villager (Male) |
| 23:34 | Investigar | Ballistics |
| 23:43 | Construir | Market |
| 24:21 | Crear | Villager (Male) |
| 24:26 | Construir | Blacksmith |
| 24:30 | Crear | Villager (Male) |
| 24:40 | Crear | Ratha (Ranged) |
| 24:42 | Crear | Ratha (Ranged) |
| 24:48 | Crear | Monk |
| 24:55 | Crear | Villager (Male) |
| 24:55 | Crear | Villager (Male) |
| 25:01 | Crear | Fishing Ship |
| 25:12 | Crear | Ratha (Ranged) |
| 25:12 | Crear | Ratha (Ranged) |
| 25:19 | Crear | Ratha (Ranged) |
| 25:39 | Crear | Ratha (Ranged) |
| 25:40 | Crear | Villager (Male) |
| 25:40 | Crear | Villager (Male) |
| 25:54 | Crear | Villager (Male) |
| 25:54 | Crear | Villager (Male) |
| 26:06 | Construir | Town Center |
| 26:19 | Crear | Villager (Male) |
| 26:19 | Crear | Villager (Male) |
| 26:21 | Investigar | Forging |
| 26:30 | Construir | Barracks |
| 26:44 | Construir | Dock |
| 26:51 | Investigar | Scale Barding Armor |
| 27:19 | Crear | Ratha (Ranged) |
| 27:33 | Crear | Ratha (Ranged) |
| 28:05 | Crear | Ratha (Ranged) |
| 28:14 | Crear | Ratha (Ranged) |
| 28:21 | Crear | Ratha (Ranged) |
| 28:41 | Crear | Ratha (Ranged) |
| 28:53 | Crear | Ratha (Ranged) |
| 29:03 | Crear | Villager (Male) |
| 29:03 | Crear | Villager (Male) |
| 29:29 | Construir | Lumber Camp |
| 29:39 | Crear | Ratha (Ranged) |
| 29:45 | Investigar | Gold Shaft Mining |
| 29:45 | Investigar | Stone Mining |
| 29:47 | Crear | Villager (Male) |
| 30:10 | Crear | Ratha (Ranged) |
| 30:27 | Crear | Ratha (Ranged) |
Build order — Bass Is Heavy
Primeras 150 de 191 acciones detectadas
| 0:25 | Construir | Town Center |
| 0:39 | Construir | Town Center |
| 1:18 | Construir | Dock |
| 2:49 | Crear | Villager (Male) |
| 2:50 | Crear | Villager (Male) |
| 2:50 | Crear | Villager (Male) |
| 2:50 | Crear | Villager (Male) |
| 2:50 | Crear | Villager (Male) |
| 3:41 | Crear | Fishing Ship |
| 3:44 | Investigar | Loom |
| 3:52 | Construir | House |
| 3:57 | Crear | Villager (Male) |
| 3:58 | Crear | Villager (Male) |
| 3:59 | Crear | Villager (Male) |
| 3:59 | Crear | Villager (Male) |
| 5:12 | Construir | House |
| 5:23 | Crear | Villager (Male) |
| 5:44 | Construir | House |
| 5:47 | Crear | Villager (Male) |
| 6:07 | Crear | Fishing Ship |
| 6:11 | Crear | Villager (Male) |
| 6:36 | Crear | Villager (Male) |
| 6:36 | Crear | Villager (Male) |
| 6:54 | Crear | Villager (Male) |
| 6:55 | Crear | Fishing Ship |
| 7:21 | Crear | Villager (Male) |
| 7:36 | Crear | Fishing Ship |
| 7:37 | Crear | Villager (Male) |
| 7:58 | Crear | Villager (Male) |
| 8:00 | Construir | House |
| 8:15 | Crear | Villager (Male) |
| 8:28 | Crear | Fishing Ship |
| 8:33 | Construir | House |
| 8:49 | Crear | Villager (Male) |
| 9:02 | Crear | Fishing Ship |
| 9:04 | Crear | Villager (Male) |
| 9:35 | Crear | Fishing Ship |
| 9:58 | Crear | Villager (Male) |
| 10:12 | Crear | Villager (Male) |
| 10:29 | Construir | Settlement |
| 10:54 | Investigar | Feudal Age |
| 11:24 | Construir | Dock |
| 12:44 | Crear | Villager (Male) |
| 13:04 | Edad | Edad Feudal |
| 13:08 | Construir | Market |
| 13:10 | Construir | Blacksmith |
| 13:28 | Crear | Villager (Male) |
| 13:30 | Crear | Unit 2626 |
| 13:39 | Crear | Unit 2626 |
| 13:40 | Crear | Villager (Male) |
| 14:00 | Construir | Palisade Wall |
| 14:07 | Crear | Villager (Male) |
| 14:27 | Crear | Villager (Male) |
| 14:52 | Investigar | Castle Age |
| 14:52 | Investigar | Castle Age |
| 14:55 | Crear | Unit 2626 |
| 14:55 | Crear | Unit 2626 |
| 14:56 | Crear | Unit 2626 |
| 15:00 | Construir | House |
| 15:01 | Construir | House |
| 15:11 | Investigar | Double-Bit Axe |
| 15:32 | Crear | Villager (Male) |
| 15:39 | Construir | Settlement |
| 16:00 | Crear | Unit 2626 |
| 16:01 | Crear | Villager (Male) |
| 16:17 | Crear | Villager (Male) |
| 16:28 | Crear | Trade Cog |
| 16:52 | Crear | Trade Cog |
| 16:52 | Crear | Trade Cog |
| 17:00 | Crear | Villager (Male) |
| 17:06 | Crear | Unit 2626 |
| 17:06 | Crear | Unit 2626 |
| 17:06 | Crear | Unit 2626 |
| 17:16 | Construir | Dock |
| 17:32 | Edad | Edad de los Castillos |
| 17:36 | Investigar | War Galley (upgrade) |
| 17:37 | Crear | Villager (Male) |
| 17:46 | Crear | Unit 2626 |
| 17:46 | Crear | Unit 2626 |
| 17:47 | Crear | Villager (Male) |
| 17:53 | Crear | Unit 2626 |
| 17:53 | Crear | Unit 2626 |
| 17:58 | Crear | Unit 2626 |
| 17:59 | Crear | Unit 2626 |
| 18:03 | Crear | Villager (Male) |
| 18:26 | Crear | Unit 2626 |
| 18:27 | Crear | Unit 2626 |
| 18:36 | Crear | Villager (Male) |
| 18:49 | Crear | Unit 2626 |
| 18:49 | Crear | Unit 2626 |
| 19:09 | Crear | Unit 2626 |
| 19:09 | Crear | Unit 2626 |
| 19:09 | Crear | Unit 2626 |
| 19:14 | Crear | Villager (Male) |
| 19:17 | Construir | House |
| 19:18 | Construir | House |
| 19:18 | Construir | House |
| 19:22 | Construir | House |
| 19:50 | Crear | Villager (Male) |
| 20:13 | Construir | Barracks |
| 20:32 | Construir | Town Center |
| 20:38 | Crear | Villager (Male) |
| 20:43 | Construir | Monastery |
| 20:50 | Investigar | Town Watch |
| 20:56 | Investigar | Stone Mining |
| 21:10 | Crear | Villager (Male) |
| 21:19 | Crear | Monk |
| 21:28 | Crear | Monk |
| 21:51 | Construir | Town Center |
| 22:14 | Crear | Villager (Male) |
| 22:14 | Crear | Monk |
| 22:35 | Crear | Villager (Male) |
| 22:39 | Crear | Monk |
| 23:19 | Crear | Villager (Male) |
| 23:24 | Crear | Villager (Male) |
| 23:35 | Crear | Fishing Ship |
| 23:36 | Crear | Fishing Ship |
| 23:36 | Crear | Fishing Ship |
| 23:37 | Crear | Villager (Male) |
| 23:55 | Crear | Villager (Male) |
| 23:57 | Construir | Settlement |
| 24:01 | Construir | Barracks |
| 24:03 | Construir | House |
| 24:03 | Construir | House |
| 24:04 | Construir | House |
| 24:28 | Crear | Villager (Male) |
| 24:47 | Construir | Barracks |
| 24:49 | Investigar | Pikeman (upgrade) |
| 24:49 | Investigar | Squires |
| 24:53 | Investigar | Scale Mail Armor |
| 24:53 | Investigar | Forging |
| 24:56 | Crear | Villager (Male) |
| 25:00 | Crear | Fishing Ship |
| 25:01 | Crear | Fishing Ship |
| 25:04 | Crear | Fishing Ship |
| 25:16 | Construir | House |
| 25:18 | Crear | Villager (Male) |
| 25:38 | Crear | Spearman |
| 25:38 | Crear | Spearman |
| 25:52 | Construir | Castle |
| 25:57 | Crear | Spearman |
| 25:57 | Crear | Spearman |
| 26:12 | Construir | Dock |
| 26:15 | Crear | Fishing Ship |
| 26:15 | Crear | Fishing Ship |
| 26:25 | Crear | Spearman |
| 26:25 | Crear | Spearman |
| 26:25 | Crear | Spearman |
| 26:25 | Crear | Spearman |
| 26:45 | Crear | Spearman |
Build order — _Ctm_NeO_
Primeras 150 de 163 acciones detectadas
| 0:21 | Construir | Town Center |
| 2:05 | Construir | Dock |
| 2:07 | Construir | House |
| 2:42 | Crear | Villager (Male) |
| 2:43 | Crear | Villager (Male) |
| 2:43 | Crear | Villager (Male) |
| 2:43 | Crear | Villager (Male) |
| 2:43 | Crear | Villager (Male) |
| 3:41 | Crear | Fishing Ship |
| 4:09 | Investigar | Loom |
| 4:24 | Crear | Fishing Ship |
| 4:24 | Crear | Fishing Ship |
| 4:34 | Construir | House |
| 4:58 | Crear | Fishing Ship |
| 5:06 | Crear | Villager (Male) |
| 5:22 | Crear | Villager (Male) |
| 5:43 | Crear | Villager (Male) |
| 5:54 | Construir | House |
| 6:04 | Crear | Villager (Male) |
| 6:04 | Crear | Villager (Male) |
| 6:28 | Crear | Villager (Male) |
| 6:30 | Crear | Villager (Male) |
| 7:03 | Crear | Villager (Male) |
| 7:12 | Crear | Fishing Ship |
| 7:14 | Crear | Villager (Male) |
| 7:35 | Crear | Villager (Male) |
| 8:01 | Crear | Fishing Ship |
| 8:06 | Construir | House |
| 8:29 | Construir | House |
| 8:33 | Crear | Villager (Male) |
| 8:46 | Crear | Villager (Male) |
| 8:54 | Crear | Villager (Male) |
| 9:04 | Construir | Mill |
| 9:36 | Crear | Villager (Male) |
| 9:54 | Construir | House |
| 10:00 | Crear | Villager (Male) |
| 10:35 | Crear | Villager (Male) |
| 10:35 | Crear | Villager (Male) |
| 11:13 | Investigar | Feudal Age |
| 11:20 | Construir | Barracks |
| 12:24 | Construir | House |
| 12:35 | Construir | Farm |
| 12:37 | Construir | Farm |
| 13:48 | Crear | Villager (Male) |
| 13:49 | Crear | Villager (Male) |
| 13:56 | Edad | Edad Feudal |
| 13:58 | Construir | Stable |
| 14:11 | Construir | Blacksmith |
| 14:42 | Investigar | Castle Age |
| 14:42 | Investigar | Castle Age |
| 14:50 | Construir | Lumber Camp |
| 14:55 | Construir | Palisade Wall |
| 15:03 | Investigar | Scale Barding Armor |
| 15:07 | Investigar | Bloodlines |
| 15:07 | Investigar | Bloodlines |
| 16:00 | Investigar | Double-Bit Axe |
| 16:13 | Construir | Stable |
| 16:36 | Construir | Farm |
| 16:38 | Construir | Farm |
| 16:51 | Construir | House |
| 17:04 | Construir | Farm |
| 17:09 | Construir | Farm |
| 17:26 | Crear | Villager (Male) |
| 17:26 | Edad | Edad de los Castillos |
| 17:29 | Crear | Knight |
| 17:29 | Crear | Knight |
| 17:39 | Crear | Knight |
| 17:54 | Construir | Farm |
| 17:57 | Construir | Farm |
| 17:59 | Construir | Farm |
| 18:02 | Construir | Farm |
| 18:10 | Construir | House |
| 18:12 | Crear | Knight |
| 18:20 | Crear | Villager (Male) |
| 18:38 | Crear | Knight |
| 18:47 | Construir | Farm |
| 18:49 | Construir | Farm |
| 19:02 | Crear | Knight |
| 19:07 | Crear | Villager (Male) |
| 19:11 | Construir | House |
| 19:24 | Crear | Knight |
| 19:41 | Crear | Knight |
| 19:47 | Construir | Farm |
| 19:49 | Crear | Villager (Male) |
| 20:01 | Crear | Knight |
| 20:11 | Crear | Knight |
| 20:11 | Crear | Knight |
| 20:18 | Construir | Farm |
| 20:22 | Construir | Farm |
| 20:24 | Crear | Knight |
| 20:37 | Crear | Knight |
| 20:38 | Crear | Knight |
| 20:41 | Crear | Villager (Male) |
| 20:57 | Crear | Villager (Male) |
| 21:00 | Construir | Farm |
| 21:04 | Crear | Knight |
| 21:18 | Construir | Farm |
| 21:23 | Crear | Knight |
| 21:24 | Crear | Knight |
| 21:29 | Crear | Villager (Male) |
| 21:29 | Crear | Villager (Male) |
| 21:41 | Construir | House |
| 21:42 | Crear | Villager (Male) |
| 21:59 | Crear | Villager (Male) |
| 22:11 | Construir | Farm |
| 22:31 | Investigar | Chain Barding Armor |
| 22:31 | Crear | Villager (Male) |
| 22:54 | Crear | Knight |
| 22:58 | Construir | House |
| 23:13 | Crear | Knight |
| 23:17 | Crear | Villager (Male) |
| 23:17 | Crear | Villager (Male) |
| 23:25 | Construir | Farm |
| 23:26 | Construir | Farm |
| 23:27 | Construir | Farm |
| 23:33 | Crear | Knight |
| 23:40 | Crear | Villager (Male) |
| 23:42 | Construir | House |
| 23:47 | Crear | Villager (Male) |
| 24:09 | Crear | Knight |
| 24:09 | Crear | Knight |
| 24:17 | Crear | Villager (Male) |
| 24:32 | Crear | Knight |
| 24:33 | Crear | Villager (Male) |
| 24:34 | Crear | Villager (Male) |
| 24:36 | Construir | Farm |
| 24:37 | Crear | Villager (Male) |
| 24:40 | Construir | House |
| 24:45 | Crear | Knight |
| 24:51 | Crear | Villager (Male) |
| 24:51 | Crear | Villager (Male) |
| 24:54 | Construir | Farm |
| 24:56 | Construir | Farm |
| 25:17 | Crear | Villager (Male) |
| 25:27 | Crear | Knight |
| 25:39 | Investigar | Forging |
| 25:39 | Crear | Villager (Male) |
| 25:44 | Construir | Lumber Camp |
| 26:03 | Crear | Knight ×2 |
| 26:17 | Investigar | Town Watch |
| 26:42 | Crear | Knight ×2 |
| 26:43 | Crear | Villager (Male) |
| 26:50 | Construir | Farm |
| 27:11 | Crear | Knight |
| 27:13 | Crear | Villager (Male) |
| 27:13 | Crear | Villager (Male) |
| 27:28 | Crear | Knight |
| 27:41 | Investigar | Husbandry |
| 27:44 | Crear | Villager (Male) |
| 27:48 | Construir | Stable |
Build order — [KOF] Raychu
Primeras 150 de 250 acciones detectadas
| 0:14 | Construir | Town Center |
| 0:33 | Construir | Dock |
| 0:35 | Construir | House |
| 1:44 | Construir | Palisade Wall |
| 1:45 | Construir | Palisade Wall |
| 2:30 | Crear | Villager (Male) ×4 |
| 3:31 | Crear | Fishing Ship |
| 3:47 | Crear | Villager (Male) |
| 4:23 | Crear | Villager (Male) |
| 4:24 | Construir | House |
| 4:57 | Crear | Villager (Male) |
| 5:20 | Crear | Villager (Male) |
| 5:44 | Crear | Villager (Male) |
| 5:44 | Crear | Villager (Male) |
| 5:59 | Crear | Fishing Ship |
| 6:11 | Construir | House |
| 6:19 | Crear | Villager (Male) |
| 6:19 | Crear | Villager (Male) |
| 6:38 | Crear | Villager (Male) |
| 6:56 | Crear | Fishing Ship |
| 6:58 | Crear | Villager (Male) |
| 7:02 | Construir | Palisade Wall |
| 7:22 | Crear | Villager (Male) |
| 7:33 | Crear | Villager (Male) |
| 8:03 | Construir | Mining Camp |
| 8:05 | Crear | Villager (Male) |
| 8:15 | Construir | Mining Camp |
| 8:19 | Investigar | Loom |
| 8:21 | Construir | House |
| 8:23 | Crear | Villager (Male) |
| 8:42 | Crear | Villager (Male) |
| 9:24 | Investigar | Feudal Age |
| 9:37 | Construir | House |
| 9:49 | Crear | Villager (Male) |
| 10:21 | Construir | Dock |
| 10:40 | Construir | House |
| 11:21 | Construir | House |
| 11:22 | Construir | Palisade Wall |
| 11:23 | Construir | Palisade Wall |
| 11:23 | Construir | Palisade Wall |
| 11:27 | Construir | Palisade Wall |
| 11:34 | Edad | Edad Feudal |
| 11:34 | Crear | Villager (Male) |
| 11:35 | Crear | Fire Galley |
| 11:36 | Crear | Fire Galley |
| 11:40 | Crear | Unit 2626 |
| 11:40 | Crear | Unit 2626 |
| 11:50 | Construir | Mill |
| 11:53 | Crear | Villager (Male) |
| 12:05 | Crear | Unit 2626 |
| 12:06 | Crear | Unit 2626 |
| 12:09 | Crear | Villager (Male) |
| 12:31 | Crear | Fire Galley |
| 12:32 | Crear | Fire Galley |
| 12:40 | Crear | Villager (Male) |
| 12:56 | Construir | House |
| 12:57 | Construir | Palisade Wall |
| 13:27 | Crear | Villager (Male) |
| 13:40 | Construir | Market |
| 13:44 | Construir | House |
| 13:45 | Construir | House |
| 13:47 | Crear | Villager (Male) |
| 14:05 | Construir | Palisade Wall |
| 14:22 | Crear | Villager (Male) |
| 14:24 | Crear | Fishing Ship |
| 14:26 | Crear | Fishing Ship |
| 14:46 | Crear | Villager (Male) |
| 14:47 | Crear | Villager (Male) |
| 14:59 | Crear | Villager (Male) |
| 14:59 | Crear | Villager (Male) |
| 15:11 | Construir | Mining Camp |
| 15:14 | Construir | Outpost |
| 15:19 | Construir | Outpost |
| 15:20 | Crear | Villager (Male) |
| 15:21 | Crear | Villager (Male) |
| 15:59 | Construir | Blacksmith |
| 16:23 | Crear | Fishing Ship |
| 16:28 | Construir | House |
| 16:43 | Crear | Villager (Male) |
| 16:46 | Construir | Outpost |
| 16:54 | Crear | Fishing Ship |
| 17:09 | Investigar | Castle Age |
| 17:09 | Investigar | Castle Age |
| 17:15 | Construir | House |
| 17:20 | Construir | House |
| 17:21 | Construir | Palisade Wall |
| 17:25 | Construir | Palisade Wall |
| 17:47 | Construir | Stone Wall |
| 17:52 | Construir | Stone Wall |
| 17:53 | Crear | Villager (Male) |
| 18:02 | Crear | Fishing Ship |
| 18:02 | Crear | Fishing Ship |
| 18:04 | Crear | Villager (Male) |
| 18:08 | Construir | Lumber Camp |
| 18:18 | Construir | Stone Wall |
| 18:19 | Construir | Stone Wall |
| 18:22 | Construir | Stone Wall |
| 18:25 | Investigar | Double-Bit Axe |
| 18:33 | Construir | House |
| 18:34 | Construir | House |
| 18:55 | Investigar | Tech 906 |
| 18:56 | Investigar | Tech 906 |
| 19:20 | Construir | Dock |
| 19:49 | Edad | Edad de los Castillos |
| 19:57 | Investigar | Bow Saw |
| 19:57 | Investigar | Bow Saw |
| 19:59 | Crear | Villager (Male) |
| 20:13 | Construir | Town Center |
| 20:32 | Crear | Villager (Male) |
| 20:32 | Crear | Villager (Male) |
| 20:41 | Crear | Villager (Male) |
| 20:54 | Crear | Villager (Male) |
| 21:07 | Construir | Town Center |
| 21:16 | Crear | Villager (Male) |
| 21:19 | Construir | Stone Wall |
| 21:20 | Crear | Villager (Male) |
| 21:23 | Construir | Monastery |
| 21:48 | Crear | Fishing Ship |
| 21:48 | Crear | Fishing Ship |
| 21:49 | Crear | Villager (Male) |
| 21:50 | Crear | Villager (Male) |
| 21:50 | Crear | Villager (Male) |
| 21:50 | Crear | Villager (Male) |
| 21:57 | Crear | Fishing Ship |
| 21:57 | Crear | Fishing Ship |
| 22:03 | Crear | Monk |
| 22:25 | Crear | Villager (Male) |
| 22:25 | Crear | Villager (Male) |
| 22:27 | Construir | Monastery |
| 22:34 | Crear | Villager (Male) |
| 22:34 | Crear | Villager (Male) |
| 22:45 | Crear | Villager (Male) |
| 22:55 | Construir | Dock |
| 23:00 | Crear | Monk |
| 23:01 | Crear | Villager (Male) |
| 23:01 | Crear | Villager (Male) |
| 23:01 | Crear | Villager (Male) |
| 23:02 | Crear | Villager (Male) |
| 23:02 | Crear | Villager (Male) |
| 23:08 | Construir | House |
| 23:11 | Construir | House |
| 23:15 | Construir | Barracks |
| 23:17 | Crear | Villager (Male) |
| 23:17 | Crear | Villager (Male) |
| 23:21 | Investigar | Gold Mining |
| 23:22 | Investigar | Gold Mining |
| 23:29 | Construir | Farm |
| 23:33 | Crear | Villager (Male) |
| 23:48 | Crear | Fishing Ship |
| 23:49 | Crear | Fishing Ship |
Build order — Kerjo
140 acciones detectadas en el replay
| 0:27 | Construir | Town Center |
| 0:41 | Construir | Dock |
| 0:42 | Construir | House |
| 2:41 | Crear | Villager (Male) |
| 2:41 | Crear | Villager (Male) |
| 2:58 | Crear | Villager (Male) |
| 3:50 | Crear | Villager (Male) |
| 3:50 | Crear | Villager (Male) |
| 3:53 | Crear | Fishing Ship |
| 4:37 | Investigar | Loom |
| 4:41 | Construir | House |
| 5:10 | Crear | Villager (Male) |
| 5:35 | Crear | Villager (Male) |
| 5:56 | Crear | Villager (Male) |
| 6:05 | Crear | Fishing Ship |
| 6:22 | Construir | House |
| 6:28 | Crear | Villager (Male) |
| 6:54 | Crear | Villager (Male) |
| 6:55 | Crear | Villager (Male) |
| 7:04 | Crear | Fishing Ship |
| 7:24 | Crear | Villager (Male) |
| 7:54 | Construir | House |
| 7:56 | Crear | Fishing Ship |
| 8:09 | Crear | Villager (Male) |
| 8:25 | Crear | Villager (Male) |
| 8:26 | Crear | Villager (Male) |
| 8:40 | Construir | Mill |
| 8:44 | Crear | Villager (Male) |
| 8:58 | Crear | Villager (Male) |
| 9:24 | Construir | Mill |
| 9:53 | Construir | House |
| 10:15 | Crear | Villager (Male) |
| 10:20 | Construir | Mining Camp |
| 10:39 | Crear | Villager (Male) |
| 10:51 | Investigar | Feudal Age |
| 10:59 | Crear | Fishing Ship |
| 11:22 | Construir | House |
| 11:25 | Construir | House |
| 11:52 | Construir | House |
| 12:04 | Construir | House |
| 12:16 | Construir | House |
| 12:30 | Construir | House |
| 13:07 | Crear | Villager (Male) |
| 13:15 | Edad | Edad Feudal |
| 13:17 | Construir | Market |
| 13:40 | Construir | Blacksmith |
| 13:43 | Crear | Villager (Male) |
| 14:12 | Crear | Villager (Male) |
| 14:20 | Construir | Mining Camp |
| 14:35 | Investigar | Castle Age |
| 16:04 | Construir | Lumber Camp |
| 16:08 | Crear | Villager (Male) |
| 16:39 | Investigar | Double-Bit Axe |
| 16:49 | Crear | Villager (Male) |
| 17:17 | Edad | Edad de los Castillos |
| 17:18 | Construir | Castle |
| 17:23 | Construir | Palisade Gate |
| 17:26 | Construir | House |
| 17:29 | Construir | House |
| 17:38 | Construir | Palisade Wall |
| 17:43 | Crear | Villager (Male) |
| 18:04 | Construir | Lumber Camp |
| 18:05 | Crear | Conquistador |
| 18:11 | Crear | Villager (Male) |
| 18:20 | Crear | Conquistador |
| 18:43 | Crear | Villager (Male) |
| 19:11 | Crear | Villager (Male) |
| 19:15 | Construir | Siege Workshop |
| 19:40 | Crear | Villager (Male) |
| 19:44 | Crear | Battering Ram |
| 19:55 | Construir | Farm |
| 20:05 | Crear | Villager (Male) |
| 20:42 | Construir | Farm |
| 20:45 | Construir | Farm |
| 20:46 | Construir | Farm |
| 20:51 | Crear | Conquistador |
| 21:00 | Crear | Villager (Male) |
| 21:01 | Construir | Farm |
| 21:13 | Crear | Conquistador |
| 21:18 | Crear | Villager (Male) |
| 21:39 | Crear | Battering Ram |
| 21:40 | Crear | Battering Ram |
| 21:48 | Construir | Farm |
| 22:10 | Crear | Conquistador |
| 22:18 | Construir | Farm |
| 22:19 | Construir | Farm |
| 22:40 | Construir | Monastery |
| 22:51 | Crear | Villager (Male) |
| 23:05 | Crear | Battering Ram |
| 23:05 | Crear | Battering Ram |
| 23:15 | Crear | Villager (Male) |
| 23:29 | Crear | Conquistador |
| 23:35 | Construir | House |
| 23:35 | Construir | House |
| 23:46 | Crear | Monk |
| 23:50 | Construir | House |
| 23:52 | Crear | Villager (Male) |
| 24:02 | Crear | Conquistador |
| 24:23 | Crear | Monk |
| 24:25 | Construir | House |
| 24:27 | Crear | Villager (Male) |
| 24:36 | Crear | Conquistador |
| 24:52 | Construir | Town Center |
| 24:53 | Crear | Villager (Male) |
| 25:29 | Crear | Villager (Male) |
| 25:29 | Crear | Villager (Male) |
| 25:42 | Crear | Villager (Male) |
| 25:52 | Crear | Monk |
| 25:57 | Construir | Farm |
| 25:59 | Construir | Farm |
| 25:59 | Crear | Villager (Male) |
| 26:03 | Crear | Villager (Male) |
| 26:04 | Crear | Villager (Male) |
| 26:07 | Crear | Villager (Male) |
| 26:07 | Crear | Villager (Male) |
| 26:42 | Crear | Villager (Male) |
| 26:42 | Crear | Villager (Male) |
| 26:44 | Construir | Farm |
| 27:32 | Crear | Battering Ram |
| 27:41 | Crear | Conquistador |
| 27:41 | Crear | Conquistador |
| 27:43 | Crear | Villager (Male) |
| 27:44 | Crear | Villager (Male) |
| 27:44 | Crear | Villager (Male) |
| 27:47 | Construir | Town Center |
| 27:47 | Crear | Villager (Male) |
| 28:40 | Crear | Villager (Male) |
| 28:40 | Crear | Villager (Male) |
| 28:42 | Crear | Battering Ram |
| 28:43 | Crear | Battering Ram |
| 29:14 | Crear | Villager (Male) |
| 29:15 | Crear | Villager (Male) |
| 29:16 | Construir | Farm |
| 29:25 | Crear | Villager (Male) |
| 29:25 | Crear | Villager (Male) |
| 29:27 | Construir | Farm |
| 29:28 | Construir | Farm |
| 29:33 | Crear | Conquistador |
| 29:33 | Crear | Conquistador |
| 29:46 | Crear | Villager (Male) |
Cronología de la partida
| 0:33 | [KOF] Raychu · first_building Dock |
| 0:40 | No soy 2k porque no quiero · first_building Dock |
| 0:41 | Kerjo · first_building Dock |
| 1:18 | Bass Is Heavy · first_building Dock |
| 1:33 | Camiloco23 · first_building Dock |
| 1:44 | [KOF] Raychu · wall_segment Palisade Wall x1 |
| 1:45 | [KOF] Raychu · wall_segment Palisade Wall x1 |
| 2:05 | _Ctm_NeO_ · first_building Dock |
| 3:11 | Camiloco23 · wall_segment Palisade Wall x1 |
| 3:13 | Camiloco23 · wall_segment Palisade Wall x1 |
| 3:14 | Camiloco23 · wall_segment Palisade Wall x1 |
| 7:02 | [KOF] Raychu · wall_segment Palisade Wall x1 |
| 11:20 | _Ctm_NeO_ · first_building Barracks |
| 11:22 | [KOF] Raychu · wall_segment Palisade Wall x1 |
| 11:23 | [KOF] Raychu · wall_segment Palisade Wall x1 |
| 11:23 | [KOF] Raychu · wall_segment Palisade Wall x1 |
| 11:27 | [KOF] Raychu · wall_segment Palisade Wall x7 |
| 11:34 | [KOF] Raychu · age_up feudal |
| 12:04 | No soy 2k porque no quiero · age_up feudal |
| 12:57 | [KOF] Raychu · wall_segment Palisade Wall x1 |
| 13:04 | Bass Is Heavy · age_up feudal |
| 13:15 | Kerjo · age_up feudal |
| 13:24 | Camiloco23 · age_up feudal |
| 13:56 | _Ctm_NeO_ · age_up feudal |
| 13:58 | _Ctm_NeO_ · first_building Stable |
| 14:00 | Bass Is Heavy · wall_segment Palisade Wall x1 |
| 14:05 | [KOF] Raychu · wall_segment Palisade Wall x1 |
| 14:42 | Bass Is Heavy · first_market_sell 100 wood |
| 14:55 | _Ctm_NeO_ · wall_segment Palisade Wall x1 |
| 15:02 | No soy 2k porque no quiero · first_market_sell 100 wood |
| 15:03 | No soy 2k porque no quiero · first_market_buy 100 food |
| 15:42 | No soy 2k porque no quiero · first_building Barracks |
| 16:36 | [KOF] Raychu · first_market_buy 100 food |
| 17:17 | Kerjo · age_up castle |
| 17:18 | Kerjo · first_building Castle |
| 17:21 | [KOF] Raychu · wall_segment Palisade Wall x1 |
| 17:25 | [KOF] Raychu · wall_segment Palisade Wall x14 |
| 17:26 | _Ctm_NeO_ · age_up castle |
| 17:32 | Bass Is Heavy · age_up castle |
| 17:38 | Kerjo · wall_segment Palisade Wall x1 |
| 17:47 | [KOF] Raychu · wall_segment Stone Wall x14 |
| 17:51 | Bass Is Heavy · first_market_buy 100 wood |
| 17:52 | [KOF] Raychu · wall_segment Stone Wall x10 |
| 17:54 | No soy 2k porque no quiero · age_up castle |
| 18:13 | Kerjo · first_market_buy 100 food |
| 18:15 | No soy 2k porque no quiero · first_building Castle |
| 18:18 | [KOF] Raychu · wall_segment Stone Wall x1 |
| 18:19 | [KOF] Raychu · wall_segment Stone Wall x1 |
| 18:22 | [KOF] Raychu · wall_segment Stone Wall x7 |
| 19:06 | No soy 2k porque no quiero · wall_segment Stone Wall x1 |
| 19:06 | No soy 2k porque no quiero · wall_segment Stone Wall x1 |
| 19:09 | No soy 2k porque no quiero · wall_segment Stone Wall x1 |
| 19:15 | Kerjo · first_building Siege Workshop |
| 19:35 | No soy 2k porque no quiero · wall_segment Stone Wall x1 |
| 19:36 | No soy 2k porque no quiero · wall_segment Stone Wall x1 |
| 19:39 | No soy 2k porque no quiero · wall_segment Stone Wall x1 |
| 19:39 | No soy 2k porque no quiero · wall_segment Stone Wall x1 |
| 19:49 | [KOF] Raychu · age_up castle |
| 20:13 | Bass Is Heavy · first_building Barracks |
| 20:39 | Camiloco23 · age_up castle |
| 20:43 | Camiloco23 · first_building Castle |
| 20:43 | Bass Is Heavy · first_building Monastery |
| 20:56 | No soy 2k porque no quiero · first_building Monastery |
| 21:10 | Camiloco23 · wall_segment Palisade Wall x1 |
| 21:17 | Camiloco23 · wall_segment Palisade Wall x1 |
| 21:19 | [KOF] Raychu · wall_segment Stone Wall x3 |
| 21:23 | [KOF] Raychu · first_building Monastery |
| 21:43 | Camiloco23 · first_building Siege Workshop |
| 21:52 | Kerjo · first_market_sell 100 wood |
| 21:52 | Camiloco23 · first_market_buy 100 food |
| 22:40 | Kerjo · first_building Monastery |
| 23:15 | [KOF] Raychu · first_building Barracks |
| 25:52 | Bass Is Heavy · first_building Castle |
| 25:54 | [KOF] Raychu · first_building Archery Range |
| 28:19 | [KOF] Raychu · first_building Castle |
| 28:42 | [KOF] Raychu · first_building Siege Workshop |
| 29:54 | Camiloco23 · resign |
[ ANÁLISIS IA · 1 CRÉDITO ]
¿Qué pasó realmente en esta partida?
Wolo.gg analiza cada decisión: build order, eco, micro, errores típicos por bracket. Análisis personalizado por WhatsApp o Discord en 30 segundos.
Guía civ
Malíes
Guía mapa
Nomad
Perfil
Jugador #2737694